 Dungeon Crawl Stone Soup version 0.30-a0-272-gf98c3da03f (webtiles) character file.

Game seed: 5645901607784923957

2242 whatisthis the Ruffian (level 9, -7/88 HPs)
             Began as a Troll Fighter on Oct 15, 2022.
             Was a Believer of Okawaru.
             Killed from afar by a steam dragon (19 damage)
             ... with a ball of steam
             ... on level 6 of the Dungeon on Oct 16, 2022.
             The game lasted 00:25:47 (4299 turns).

whatisthis the Ruffian (Troll Fighter)              Turns: 4299, Time: 00:25:48

Health: -7/88      AC:  5    Str: 30    XL:     9   Next: 14%
Magic:  7/8        EV: 11    Int:  4    God:    Okawaru [**....]
Gold:   277        SH: 10    Dex:  9    Spells: 8/8 levels left

rFire   . . .      SeeInvis .      - Unarmed
rCold   . . .      Faith    .    b - +0 kite shield
rNeg    . . .      Spirit   .    a - +0 robe
rPois   .          Reflect  .    (helmet restricted)
rElec   .          Harm     .    h - +0 cloak
rCorr   .          Rampage  .    (gloves unavailable)
Will    .....                    (boots unavailable)
Stlth   +++.......               (no amulet)
HPRegen 1.14/turn                (no ring)
MPRegen 0.11/turn                (no ring)

@: heroic
A: large, unfitting armour, claws 3, regeneration 1, shaggy fur 1, tough skin 1
a: Renounce Religion, Heroism


You were on level 6 of the Dungeon.
You worshipped Okawaru.
Okawaru was pleased with you.
You visited 2 branches of the dungeon, and saw 7 of its levels.

You collected 277 gold pieces.

Inventory:

Missiles
 f - 60 stones (quivered)
 m - a throwing net
Armour
 a - a +0 robe (worn)
 b - a +0 kite shield (worn)
 h - a +0 cloak (worn)
Jewellery
 r - a ring of magical power
Wands
 u - a wand of charming (6)
Scrolls
 d - a scroll of blinking {unknown}
 e - 3 scrolls of immolation {unknown}
 g - 6 scrolls of identify {unknown}
 i - a scroll of torment {unknown}
 k - 2 scrolls of amnesia {unknown}
 l - a scroll of noise {unknown}
 o - a scroll of fog {unknown}
 p - a scroll of enchant armour {unknown}
 t - 3 scrolls of vulnerability {unknown}
 v - a scroll of magic mapping {unknown}
Potions
 c - 2 potions of might
 j - a potion of heal wounds {unknown}
 n - 2 potions of cancellation {unknown}
 q - a potion of mutation {unknown}
 s - 2 potions of resistance {unknown}
 w - a potion of curing {unknown}
 x - a potion of degeneration {unknown}


   Skills:
 + Level 5.5(10.5) Fighting
 + Level 5.5(10.5) Dodging
 + Level 6.1(11.1) Shields
 + Level 6.2(11.2) Unarmed Combat
 + Level 1.2 Invocations


You had 8 spell levels left.
You didn't know any spells.
Your spell library contained the following spells:

 Spells                   Type           Power      Damage    Failure   Level
 Freeze                   Ice            0%         1d3       71%         1
 Frozen Ramparts          Ice            0%         1d1       97%         3
 Hailstorm                Conj/Ice       0%         3d3       97%         3
 Inner Flame              Hex/Fire       0%         N/A       97%         3
 Kindle Blastsparks       Fire/Tloc/Air  0%         2d10      97%         3
 Mephitic Cloud           Conj/Pois/Air  0%         N/A       97%         3
 Portal Projectile        Hex/Tloc       0%         N/A       97%         3
 Cause Fear               Hex            0%         N/A       100%        4
 Blade Hands              Tmut           0%         N/A       100%        5
 Discord                  Hex            0%         N/A       100%        8
 Tukima's Dance           Hex            Unusable   N/A       N/A         3

Dungeon Overview and Level Annotations

Branches:
Dungeon (6/15)             Temple (1/1) D:5

Altars:
Ashenzari
Cheibriados
Dithmenos
Elyvilon
Gozag
Hepliaklqana
Kikubaaqudgha
Nemelex Xobeh
Okawaru
Qazlal
Uskayaw
Vehumet
Wu Jian
Xom
Zin
The Shining One

Shops:
D:2 (   D:6 [

Annotations:
D:6 2 transporters


Innate Abilities, Weirdness & Mutations

You are too large for most types of armour.
You have claws for hands.
Your natural rate of healing is unusually fast.
You are covered in fur. (AC +1)
You have tough skin. (AC +1)


Message History

The ogre is engulfed in a cloud of scalding steam.
You block the ogre's attack.
The ogre hits you with a +0 giant spiked club!!
You block the ogre's attack.
The ogre hits you with a +0 giant spiked club.
You scratch the ogre but do no damage.
The ogre is moderately wounded.
The ogre hits you with a +0 giant spiked club!
You gain the combat prowess of a mighty hero.
You scratch the ogre.
The ogre is heavily wounded.
The ogre hits you with a +0 giant spiked club!!
* * * LOW HITPOINT WARNING * * *
You scratch the ogre.
The ogre is severely wounded.
The ogre misses you.
You mangle the ogre!!
You kill the ogre!
Okawaru accepts your kill. The steam dragon breathes steam at you.
The ball of steam misses you.
Things that are here:
a +0 giant spiked club; an ogre corpse You closely miss the steam dragon.
You are engulfed in a cloud of scalding steam.
* * * LOW HITPOINT WARNING * * *
You block the steam dragon's attack.
The steam dragon claws you but does no damage.
You completely miss the steam dragon.
You are engulfed in a cloud of scalding steam.
You block the steam dragon's attack. The steam dragon closely misses you.
You block the steam dragon's attack. x2
Unknown command.
You scratch the steam dragon.
The steam dragon is lightly wounded.
You are engulfed in a cloud of scalding steam.
* * * LOW HITPOINT WARNING * * *
The steam dragon breathes steam at you. The ball of steam hits you!!
You die...

###.........# # #..#.##.###
###..#.##.# ......>...#
###)############# #############
#.#######...§.# #...O........
#.........###.# #.###########
#.#######.# #§#####.#8P#S~~~~~~
###.#######)###D@.....#..#S~~P~..
.#...##......##.###..©#©)+S~P⌠~..
........###..##.# ##..#..#~~~~P..
##...#### #..##.# ##.#8P#~~~~~~~
##<## #[.##.# #.###########
#.#######.....# #........
#..........#### ########.
#+#######... #.#.


You could see a steam dragon (catching breath).

Vanquished Creatures
  Sigmund (D:3)
  3 yaks (D:5)
  2 water moccasins (D:6)
  2 ice beasts
  4 ogres
  A centaur (D:4)
  A bullfrog (D:6)
  5 scorpions
  3 wights (D:6)
  An orc priest (D:4)
  A hound (D:5)
  A gnoll bouda (D:3)
  An iguana (D:6)
  2 orc wizards
  7 adders
  4 gnolls (D:3)
  An ufetubus (D:4)
  2 worms
  2 dart slugs
  16 orcs
  7 ball pythons
  8 endoplasms
  5 giant cockroaches
  5 goblins
  5 hobgoblins
  5 jackals
  9 kobolds
  7 bats
  A frilled lizard (D:1)
  8 rats
120 creatures vanquished.

Vanquished Creatures (others)
  A plant (D:3)
1 creature vanquished.

Grand Total: 121 creatures vanquished

Notes
Turn   | Place    | Note
-------+----------+-------------------------------------------
     0 | D:1      | whatisthis the Troll Fighter began the quest for the Orb.
     0 | D:1      | Reached XP level 1. HP: 22/22 MP: 0/0
   225 | D:1      | Reached XP level 2. HP: 29/29 MP: 1/1
   568 | D:2      | Found Yzeekiq's Antique Weapon Boutique.
   851 | D:2      | Reached XP level 3. HP: 35/36 MP: 2/2
  1165 | D:3      | Noticed Sigmund
  1171 | D:3      | Killed Sigmund
  1172 | D:3      | Reached XP level 4. HP: 40/45 MP: 3/3
  1172 | D:3      | Reached XP level 5. HP: 48/53 MP: 4/4
  1474 | D:3      | Reached XP level 6. HP: 52/61 MP: 5/5
  1600 | D:3      | Found a broken altar of Ashenzari.
  1737 | D:3      | Found a faded altar of an unknown god.
  2220 | D:4      | Found a shadowy altar of Dithmenos.
  2527 | D:4      | Reached XP level 7. HP: 44/68 MP: 6/6
  2776 | D:5      | Entered Level 5 of the Dungeon
  2814 | D:5      | Found a staircase to the Ecumenical Temple.
  2820 | Temple   | Entered the Ecumenical Temple
  2827 | Temple   | Became a worshipper of Warmaster Okawaru
  2964 | D:5      | Got the Discursus on the Injurious Summer
  3095 | D:5      | Reached * piety under Okawaru
  3096 | D:5      | Reached skill level 5 in Shields
  3178 | D:5      | Reached skill level 5 in Unarmed Combat
  3178 | D:5      | Reached XP level 8. HP: 57/79 MP: 7/7
  3293 | D:5      | Found a glowing golden altar of the Shining One.
  3370 | D:5      | Identified the +5 quarterstaff of Severance {venom, Will+}
  3724 | D:5      | Reached skill level 5 in Fighting
  3724 | D:5      | Reached skill level 5 in Dodging
  3880 | D:6      | Reached ** piety under Okawaru
  3924 | D:6      | Found Ufyek's Armour Shop.
  4031 | D:6      | Found a stormy altar of Qazlal.
  4095 | D:6      | Reached XP level 9. HP: 88/88 MP: 8/8
  4219 | D:6      | Reached skill level 1 in Invocations
  4233 | D:6      | Found a transporter.
  4249 | D:6      | Found a transporter.
  4299 | D:6      | Killed from afar by a steam dragon

Illustrated notes

Levels and vault maps discovered:
D:1:      lightli_arrival_farm, layout_basic, serial_glass, glass_columns_a,
          glass_columns_a
D:2:      layout_rooms, serial_shops, nicolae_shop_crystal,
          kennysheep_nondescript
D:3:      layout_loops_ring, nicolae_ashenzari_panopticon,
          shapermc_ecumenical_altar_hornbeckon, minmay_misc_feat_square,
          grunt_ministairs_9, kennysheep_generic_room_3, uniq_sigmund
D:4:      layout_basic, nicolae_dithmenos_shadow_blocks
D:5:      layout_basic, nicolae_tso_carved_into_rock,
          minmay_temple_entry_drinking_statues
D:6:      gammafunk_steamed_eel, layout_loops_corners, kennysheep_little_box,
          serial_shops, shop, minivault_11, nicolae_benzene_ring
Temple:   nicolae_temple_no_exploring_needed

Skill      XL: |  1  2  3  4  5  6  7  8  9 |
---------------+----------------------------+-----
Shields        | 3 4 5 6 |  6.1
Fighting       | 3 4 5 |  5.5
Dodging        | 3 4 5 |  5.5
Unarmed Combat | 3 4 5 6 |  6.2
Invocations    | 1 |  1.2

Action                   |  1- 3 |  4- 6 |  7- 9 || total
-------------------------+-------+-------+-------++-------
Melee: Unarmed           |   124 |   107 |   127 ||   358
Invok: Heroism           |       |       |     2 ||     2
  Use: Potion            |     1 |       |       ||     1
 Stab: Sleeping          |     1 |       |       ||     1
Armor: Robe              |    51 |    43 |    23 ||   117
Dodge: Dodged            |    35 |    46 |    32 ||   113
Block: Kite shield       |    51 |    33 |    46 ||   130

Table legend: (Time is in decaauts)
 A = Elapsed time spent in this place.
 B = Non-inter-level travel time spent in this place.
 C = Inter-level travel time spent in this place.
 D = Time resting spent in this place.
 E = Time spent auto-exploring this place.
 F = Levels seen in this place.
 G = Mean time per level.
                   A        B        C        D        E       F      G
               +--------+--------+--------+--------+--------+-----+--------+
         Total |   4352 |   3936 |    416 |    368 |   2296 |   7 |  621.7 |
       Dungeon |   4338 |   3922 |    416 |    368 |   2296 |   6 |  723.0 |
        Temple |     14 |     14 |      0 |      0 |      0 |   1 |   14.0 |
               +--------+--------+--------+--------+--------+-----+--------+

Top non-repeatable levels by time:
     D:5: 1016 daAuts
     D:3: 894 daAuts
     D:4: 869 daAuts
     D:1: 647 daAuts
     D:2: 552 daAuts
     D:6: 357 daAuts
  Temple: 14 daAuts
